[ PARTIDA AOE2 · #506658398 ]
UnrankedMalíes vs Aztecs
Equipo del jugador · DERR
Equipo rival · VICT
[ ANÁLISIS DE REPETICIÓN · EXTRAÍDO DE LA PARTIDA GRABADA ]
Feudal
10:18
Castillos
21:26
Imperial
42:05
| APM promedio | 73.9 |
| APM pico | 135 |
| eAPM promedio | 37.1 |
| Aldeanos / militares | 110 / 155 |
Foco
⚔️ 35.4% · 🌾 64.6%
Militia ×65 · Gbeto ×41 · Scout Cavalry ×28 · Knight ×15 · Mangonel ×4 · Battering Ram ×2
Feudal
11:33
Castillos
19:51
Imperial
39:29
| APM promedio | 57.8 |
| APM pico | 95 |
| eAPM promedio | 29.9 |
| Aldeanos / militares | 139 / 126 |
Foco
⚔️ 32.8% · 🌾 67.2%
Jaguar Warrior ×47 · Spearman ×37 · Archer ×31 · Militia ×4 · Trebuchet (Packed) ×4 · Monk ×3
Mapa de la partida
Recursos iniciales + cada clic de construcción. Líneas = muros · curvas = relieve. ◆ oro · ⬟ piedra · ● bayas · ✦ reliquia · ◌ hueco del cierre
Tu base· ✓ Cerrada en 21:26 · 37t muro · sin puerta
Base de mil0· ✓ Cerrada en 19:51 · 61t muro · 1 puerta(s)
Terreno inicial suavizado · ◌ = hueco del cierre detectado · pasá el cursor para detalles
Inputs por minuto
— Malarkey - - mil0
Build order — Malarkey
Primeras 150 de 441 acciones detectadas
| 0:01 | Crear | Villager (Male) |
| 0:01 | Crear | Villager (Male) |
| 0:02 | Construir | House |
| 0:03 | Construir | House |
| 0:04 | Crear | Villager (Male) |
| 0:04 | Crear | Villager (Male) |
| 1:25 | Construir | Lumber Camp |
| 1:27 | Crear | Villager (Male) |
| 1:59 | Crear | Villager (Male) |
| 2:20 | Crear | Villager (Male) |
| 2:33 | Crear | Villager (Male) |
| 3:14 | Crear | Villager (Male) |
| 3:42 | Crear | Villager (Male) |
| 3:42 | Crear | Villager (Male) |
| 3:54 | Construir | House |
| 4:01 | Crear | Villager (Male) |
| 4:04 | Construir | House |
| 4:15 | Construir | Mill |
| 4:20 | Crear | Villager (Male) |
| 5:04 | Crear | Villager (Male) |
| 5:19 | Crear | Villager (Male) |
| 5:29 | Crear | Villager (Male) |
| 5:37 | Crear | Villager (Male) |
| 5:52 | Crear | Villager (Male) |
| 6:20 | Crear | Villager (Male) |
| 6:41 | Investigar | Loom |
| 6:57 | Crear | Villager (Male) |
| 7:17 | Construir | Barracks |
| 8:08 | Investigar | Feudal Age |
| 8:08 | Investigar | Feudal Age |
| 8:19 | Construir | House |
| 8:23 | Construir | Mining Camp |
| 8:40 | Crear | Militia |
| 8:40 | Crear | Militia |
| 8:57 | Construir | Palisade Wall |
| 8:57 | Crear | Militia |
| 10:07 | Crear | Villager (Male) |
| 10:18 | Edad | Edad Feudal |
| 10:26 | Crear | Villager (Male) |
| 10:31 | Crear | Villager (Male) |
| 10:43 | Investigar | Double-Bit Axe |
| 10:43 | Investigar | Double-Bit Axe |
| 10:49 | Construir | Farm |
| 10:50 | Crear | Villager (Male) |
| 10:56 | Crear | Villager (Male) |
| 10:58 | Construir | Farm |
| 11:19 | Investigar | Man-at-Arms (upgrade) |
| 11:26 | Construir | House |
| 11:28 | Construir | Palisade Wall |
| 11:31 | Construir | Palisade Wall |
| 11:33 | Construir | Palisade Wall |
| 11:42 | Construir | House |
| 12:06 | Crear | Villager (Male) |
| 12:07 | Construir | Farm |
| 12:10 | Construir | Farm |
| 12:10 | Crear | Villager (Male) |
| 12:26 | Crear | Villager (Male) |
| 12:46 | Construir | Farm |
| 13:02 | Crear | Villager (Male) |
| 13:04 | Construir | Farm |
| 13:24 | Crear | Villager (Male) |
| 13:31 | Construir | Farm |
| 13:33 | Construir | Farm |
| 13:34 | Construir | Farm |
| 13:35 | Construir | Farm |
| 14:00 | Investigar | Horse Collar |
| 14:01 | Construir | Farm |
| 14:04 | Construir | Farm |
| 14:32 | Crear | Villager (Male) |
| 14:38 | Construir | Farm |
| 14:59 | Construir | Stable |
| 15:01 | Crear | Villager (Male) |
| 15:12 | Crear | Villager (Male) |
| 15:18 | Construir | Lumber Camp |
| 15:29 | Crear | Villager (Male) |
| 15:43 | Crear | Villager (Male) |
| 15:55 | Crear | Scout Cavalry |
| 15:55 | Crear | Scout Cavalry |
| 15:59 | Construir | Farm |
| 16:01 | Construir | Farm |
| 16:09 | Construir | House |
| 16:12 | Construir | Palisade Wall |
| 16:16 | Construir | House |
| 16:19 | Construir | Palisade Wall |
| 16:23 | Crear | Villager (Male) |
| 16:29 | Investigar | Wheelbarrow |
| 16:49 | Crear | Villager (Male) |
| 16:52 | Construir | Farm |
| 17:36 | Crear | Villager (Male) |
| 17:46 | Construir | Blacksmith |
| 17:55 | Crear | Villager (Male) |
| 18:11 | Crear | Villager (Male) |
| 18:25 | Construir | Palisade Wall |
| 18:45 | Investigar | Castle Age |
| 18:57 | Construir | Stable |
| 19:27 | Investigar | Scale Barding Armor |
| 19:49 | Construir | Mining Camp |
| 19:52 | Investigar | Bloodlines |
| 20:10 | Investigar | Forging |
| 20:25 | Crear | Villager (Male) |
| 20:31 | Construir | Watch Tower |
| 20:35 | Construir | House |
| 20:47 | Crear | Villager (Male) |
| 20:57 | Construir | House |
| 21:01 | Crear | Villager (Male) |
| 21:25 | Construir | House |
| 21:26 | Edad | Edad de los Castillos |
| 21:28 | Crear | Knight |
| 21:28 | Crear | Knight |
| 21:43 | Construir | Town Center |
| 21:48 | Investigar | Bow Saw |
| 21:48 | Investigar | Bow Saw |
| 21:50 | Crear | Knight |
| 21:50 | Crear | Knight |
| 22:13 | Crear | Knight |
| 22:19 | Construir | Farm |
| 22:21 | Construir | Farm |
| 22:22 | Construir | Farm |
| 22:23 | Construir | Farm |
| 22:25 | Construir | Farm |
| 22:27 | Crear | Knight |
| 22:43 | Crear | Villager (Male) |
| 22:58 | Construir | Farm |
| 23:10 | Crear | Knight |
| 23:18 | Crear | Knight |
| 23:23 | Construir | Farm |
| 23:24 | Construir | Farm |
| 23:26 | Construir | Farm |
| 23:28 | Crear | Villager (Male) |
| 23:28 | Crear | Villager (Male) |
| 23:45 | Construir | Siege Workshop |
| 23:48 | Crear | Villager (Male) |
| 23:53 | Construir | Farm |
| 23:53 | Construir | Farm |
| 23:54 | Construir | Farm |
| 23:54 | Construir | Farm |
| 23:54 | Construir | Farm |
| 24:05 | Construir | Market |
| 24:14 | Crear | Villager (Male) |
| 24:16 | Crear | Villager (Male) |
| 24:24 | Crear | Villager (Male) |
| 24:34 | Crear | Villager (Male) |
| 24:43 | Crear | Villager (Male) |
| 24:45 | Construir | Farm |
| 24:54 | Crear | Villager (Male) |
| 25:08 | Crear | Villager (Male) |
| 25:16 | Crear | Mangonel |
| 25:17 | Construir | House |
| 25:38 | Crear | Villager (Male) |
| 25:46 | Construir | House |
Build order — mil0
Primeras 150 de 458 acciones detectadas
| 0:00 | Crear | Villager (Male) |
| 0:00 | Crear | Villager (Male) |
| 0:01 | Crear | Villager (Male) |
| 0:02 | Construir | House |
| 0:02 | Construir | House |
| 0:07 | Crear | Villager (Male) |
| 1:22 | Crear | Villager (Male) |
| 1:43 | Construir | Lumber Camp |
| 2:09 | Crear | Villager (Male) |
| 2:09 | Crear | Villager (Male) |
| 2:54 | Crear | Villager (Male) |
| 3:09 | Crear | Villager (Male) |
| 3:51 | Crear | Villager (Male) |
| 4:07 | Construir | House |
| 4:13 | Crear | Villager (Male) |
| 4:24 | Construir | House |
| 4:37 | Crear | Villager (Male) |
| 4:44 | Crear | Villager (Male) |
| 5:08 | Construir | Barracks |
| 5:28 | Crear | Villager (Male) |
| 5:36 | Construir | House |
| 5:43 | Crear | Villager (Male) |
| 6:05 | Crear | Villager (Male) |
| 6:08 | Crear | Villager (Male) |
| 6:11 | Construir | House |
| 6:21 | Crear | Militia |
| 6:21 | Crear | Militia |
| 6:41 | Construir | Mill |
| 6:50 | Crear | Militia |
| 6:56 | Crear | Militia |
| 7:09 | Crear | Villager (Male) |
| 7:36 | Crear | Villager (Male) |
| 7:44 | Crear | Villager (Male) |
| 7:47 | Investigar | Loom |
| 8:13 | Construir | House |
| 8:14 | Construir | Palisade Wall |
| 8:31 | Construir | Palisade Wall |
| 8:50 | Crear | Villager (Male) |
| 9:23 | Investigar | Feudal Age |
| 9:32 | Construir | House |
| 9:33 | Construir | Palisade Wall |
| 9:59 | Crear | Villager (Male) |
| 10:12 | Construir | Palisade Wall |
| 10:27 | Construir | Lumber Camp |
| 10:31 | Construir | Farm |
| 10:33 | Construir | Farm |
| 10:33 | Construir | Farm |
| 10:35 | Crear | Villager (Male) |
| 10:51 | Construir | Mining Camp |
| 10:56 | Construir | Palisade Wall |
| 11:05 | Construir | Palisade Wall |
| 11:33 | Edad | Edad Feudal |
| 11:34 | Investigar | Double-Bit Axe |
| 12:03 | Construir | House |
| 12:07 | Construir | Palisade Wall |
| 12:09 | Construir | House |
| 12:17 | Crear | Villager (Male) |
| 12:17 | Crear | Villager (Male) |
| 12:27 | Construir | Archery Range |
| 12:34 | Construir | Palisade Wall |
| 12:40 | Crear | Villager (Male) |
| 13:02 | Construir | Farm |
| 13:03 | Construir | Farm |
| 13:09 | Construir | House |
| 13:28 | Crear | Archer |
| 13:32 | Crear | Villager (Male) |
| 13:32 | Crear | Villager (Male) |
| 13:35 | Construir | Farm |
| 13:41 | Construir | Farm |
| 13:42 | Crear | Archer |
| 13:50 | Construir | House |
| 13:58 | Construir | House |
| 14:04 | Crear | Villager (Male) |
| 14:04 | Crear | Villager (Male) |
| 14:05 | Construir | House |
| 14:12 | Crear | Archer |
| 14:19 | Construir | Farm |
| 14:20 | Construir | Farm |
| 14:22 | Construir | Farm |
| 14:46 | Construir | Farm |
| 14:50 | Crear | Archer |
| 15:05 | Construir | Farm |
| 15:17 | Construir | Farm |
| 15:19 | Construir | Farm |
| 15:20 | Crear | Archer |
| 15:23 | Crear | Villager (Male) |
| 15:41 | Construir | Farm |
| 15:42 | Crear | Villager (Male) |
| 15:43 | Crear | Archer |
| 15:51 | Construir | Farm |
| 15:53 | Crear | Villager (Male) |
| 16:17 | Construir | Blacksmith |
| 16:23 | Crear | Archer |
| 16:43 | Crear | Villager (Male) |
| 17:01 | Construir | House |
| 17:11 | Investigar | Castle Age |
| 17:14 | Construir | Palisade Wall |
| 17:28 | Crear | Archer |
| 17:34 | Construir | Farm |
| 17:35 | Construir | Farm |
| 17:43 | Investigar | Fletching |
| 17:46 | Investigar | Horse Collar |
| 17:59 | Crear | Archer |
| 18:07 | Construir | Palisade Gate |
| 18:14 | Construir | House |
| 18:21 | Construir | House |
| 18:23 | Crear | Villager (Male) |
| 18:24 | Crear | Archer |
| 18:45 | Crear | Archer |
| 18:57 | Investigar | Gold Mining |
| 18:57 | Investigar | Gold Mining |
| 18:59 | Investigar | Padded Archer Armor |
| 19:01 | Construir | Farm |
| 19:20 | Construir | House |
| 19:21 | Construir | House |
| 19:22 | Construir | House |
| 19:30 | Crear | Archer |
| 19:51 | Edad | Edad de los Castillos |
| 20:01 | Construir | Town Center |
| 20:03 | Investigar | Crossbowman (upgrade) |
| 20:03 | Investigar | Bodkin Arrow |
| 20:25 | Crear | Villager (Male) |
| 20:30 | Crear | Archer |
| 20:36 | Crear | Villager (Male) |
| 20:49 | Investigar | Bow Saw |
| 20:49 | Crear | Villager (Male) |
| 21:12 | Crear | Villager (Male) |
| 21:19 | Crear | Villager (Male) |
| 21:20 | Crear | Villager (Male) |
| 21:38 | Crear | Villager (Male) |
| 21:59 | Crear | Villager (Male) |
| 21:59 | Crear | Villager (Male) |
| 22:10 | Construir | Town Center |
| 22:17 | Crear | Villager (Male) |
| 22:20 | Construir | House |
| 22:26 | Crear | Archer |
| 22:29 | Construir | Farm |
| 22:36 | Crear | Villager (Male) |
| 22:40 | Construir | Farm |
| 22:42 | Crear | Villager (Male) |
| 22:45 | Construir | Farm |
| 23:18 | Crear | Villager (Male) |
| 23:19 | Crear | Villager (Male) |
| 23:20 | Crear | Villager (Male) |
| 23:22 | Crear | Villager (Male) |
| 23:24 | Construir | Monastery |
| 23:26 | Construir | Farm |
| 23:27 | Crear | Archer |
| 23:29 | Crear | Villager (Male) |
| 23:29 | Crear | Villager (Male) |
Cronología de la partida
| 5:08 | mil0 · first_building Barracks |
| 7:17 | Malarkey · first_building Barracks |
| 8:14 | mil0 · wall_segment Palisade Wall x9 |
| 8:31 | mil0 · wall_segment Palisade Wall x6 |
| 8:57 | Malarkey · wall_segment Palisade Wall x7 |
| 9:33 | mil0 · wall_segment Palisade Wall x9 |
| 10:12 | mil0 · wall_segment Palisade Wall x15 |
| 10:18 | Malarkey · age_up feudal |
| 10:56 | mil0 · wall_segment Palisade Wall x8 |
| 11:05 | mil0 · wall_segment Palisade Wall x12 |
| 11:28 | Malarkey · wall_segment Palisade Wall x4 |
| 11:31 | Malarkey · wall_segment Palisade Wall x2 |
| 11:33 | Malarkey · wall_segment Palisade Wall x4 |
| 11:33 | mil0 · age_up feudal |
| 12:07 | mil0 · wall_segment Palisade Wall x1 |
| 12:27 | mil0 · first_building Archery Range |
| 12:34 | mil0 · wall_segment Palisade Wall x1 |
| 14:59 | Malarkey · first_building Stable |
| 16:12 | Malarkey · wall_segment Palisade Wall x7 |
| 16:19 | Malarkey · wall_segment Palisade Wall x13 |
| 17:14 | mil0 · wall_segment Palisade Wall x1 |
| 18:25 | Malarkey · wall_segment Palisade Wall x1 |
| 19:51 | mil0 · age_up castle |
| 21:26 | Malarkey · age_up castle |
| 23:24 | mil0 · first_building Monastery |
| 23:32 | mil0 · wall_segment Palisade Wall x1 |
| 23:45 | Malarkey · first_building Siege Workshop |
| 25:42 | mil0 · wall_segment Palisade Wall x1 |
| 25:43 | mil0 · wall_segment Palisade Wall x1 |
| 31:46 | Malarkey · first_building Castle |
| 33:36 | mil0 · first_building Castle |
| 38:26 | Malarkey · first_market_sell 100 food |
| 39:29 | mil0 · age_up imperial |
| 40:44 | mil0 · first_market_buy 100 food |
| 42:05 | Malarkey · age_up imperial |
| 43:57 | Malarkey · resign |
[ ANÁLISIS IA · 1 CRÉDITO ]
¿Qué pasó realmente en esta partida?
Wolo.gg analiza cada decisión: build order, eco, micro, errores típicos por bracket. Análisis personalizado por WhatsApp o Discord en 30 segundos.
Guía civ
Malíes
Perfil
Jugador #282500